Rangers vs Penguins

Created - November 12 2011 at 10:29

Goals
1 2 3 T
Rangers 0 1 2 3
Penguins 4 1 2 7
Shots
1 2 3 T
Rangers 8 10 10 28
Penguins 14 11 5 30

Period #1

1. Penguins , Alexander Edler 6 (Daniel Sedin, Cam Fowler) at 6:47 (PP)
2. Penguins , Brad Richards 6 (Alexander Edler, Jason Pominville) at 13:05
3. Penguins , Rob Niedermayer 2 (Matt DAgostini, Kris Letang) at 14:33
4. Penguins , Martin St. Louis 7 (Blake Wheeler, Daniel Sedin) at 16:57 (PP)

Penalties :
Jay Bouwmeester (NYR) for Holding Stick (Minor) at 4:48, Cam Fowler (PIT) for Tripping (Minor) at 9:10, Francis Bouillon (NYR) for High sticking (Minor) at 16:28

Period #2

5. Rangers , Jay Bouwmeester 4 (Henrik Sedin, Nikolai Kulemin) at 3:48 (PP)
6. Penguins , Andrew Ference 1 (Cam Fowler) at 15:42

Penalties :
Matt Moulson (PIT) for Boarding (Minor) at 1:50, Steve Montador (PIT) for Hooking (Minor) at 3:51, Mark Recchi (NYR) for High sticking (Minor) at 3:51, Mark Recchi (NYR) for Cross-checking (Minor) at 8:01, Mike Weaver (NYR) for Tripping (Minor) at 13:25

Period #3

7. Penguins , Drew Stafford 6 (Martin St. Louis, Kris Letang) at 0:52
8. Rangers , Henrik Sedin 7 (Mike Cammalleri, Lubomir Visnovsky) at 1:18
9. Penguins , Dan Girardi 2 (Brad Richards, Daniel Sedin) at 8:28 (PP)
10. Rangers , Mike Cammalleri 6 (Henrik Sedin, Lubomir Visnovsky) at 14:36

Penalties :
Dan Girardi (PIT) for Hooking (Minor) at 2:55, Kris Letang (PIT) for Holding (Minor) at 5:09, Keith Ballard (NYR) for Slashing (Minor) at 7:29, Lubomir Visnovsky (NYR) for Slashing (Minor) at 15:01

Goalie Stats

Andrew Raycroft (NYR), 17 saves from 20 shots - (0.850), 43:03 minutes
Niklas Backstrom (NYR), 6 saves from 10 shots - (0.600), L, 11-7-0, 16:57 minutes
Tim Thomas (PIT), 25 saves from 28 shots - (0.893), W, 9-6-0, 60:00 minutes

Players Stats

Rangers
Player Name              G  A  P  +/- PIM S  H  SB FO    MP 
------------------------------------------------------------
Andrei Kostitsyn         0  0  0   0  0   0  0  0  0/0   11 
Cal Clutterbuck          0  0  0   0  0   0  1  0  0/1   7  
Dan Cleary               0  0  0  -2  0   1  2  0  2/3   18 
Francis Bouillon         0  0  0   0  2   0  1  0  0/0   19 
Guillaume Latendresse    0  0  0   0  0   2  1  0  1/1   13 
Henrik Sedin             1  2  3   0  0   1  1  1  10/23 18 
Ian White                0  0  0  -2  0   4  0  0  0/0   19 
Jay Bouwmeester          1  0  1   0  2   2  1  1  0/0   24 
Keith Ballard            0  0  0   0  2   0  3  0  0/0   16 
Lubomir Visnovsky        0  2  2   0  2   3  1  2  0/0   23 
Mark Recchi              0  0  0   0  4   1  1  0  1/1   16 
Mike Cammalleri          1  1  2   0  0   3  1  0  0/0   13 
Mike Weaver              0  0  0  -2  2   2  3  1  0/0   17 
Mikko Koivu              0  0  0  -2  0   3  2  0  16/28 20 
Nikolai Kulemin          0  1  1   0  0   4  2  0  0/1   12 
Nikolai Zherdev          0  0  0  -2  0   0  0  0  0/0   13 
Scott Gomez              0  0  0   0  0   1  1  0  9/14  18 
Tom Pyatt                0  0  0   0  0   1  0  0  0/6   11 
Penguins
Player Name              G  A  P  +/- PIM S  H  SB FO    MP 
------------------------------------------------------------
Alexander Edler          1  1  2   0  0   4  0  0  0/0   22 
Andrew Ference           1  0  1   1  0   1  0  1  0/0   13 
Blair Betts              0  0  0   0  0   1  2  0  6/12  16 
Blake Wheeler            0  1  1   0  0   1  2  0  0/1   6  
Brad Richards            1  1  2   1  0   2  0  2  7/17  23 
Cam Fowler               0  2  2   0  2   0  1  2  0/0   16 
Dan Girardi              1  0  1   2  2   1  3  1  0/0   22 
Daniel Sedin             0  3  3  -1  0   3  1  0  4/10  20 
Drew Stafford            1  0  1   1  0   1  3  0  0/0   16 
Jason Pominville         0  1  1   0  0   1  1  0  1/1   13 
Joe Pavelski             0  0  0   1  0   0  0  0  12/21 22 
Kris Letang              0  2  2   2  2   2  1  4  0/0   21 
Martin St. Louis         1  1  2   1  0   5  0  0  3/4   22 
Matt DAgostini           0  1  1   0  0   1  1  0  0/0   7  
Matt Moulson             0  0  0   1  2   3  0  0  0/0   13 
Rob Niedermayer          1  0  1   0  0   3  1  0  5/9   6  
Stephane Robidas         0  0  0   0  0   0  1  1  0/0   20 
Steve Montador           0  0  0   1  2   1  1  0  1/3   13 

3 Stars

1 - Henrik Sedin (NYR)
2 - Brad Richards (PIT)
3 - Martin St. Louis (PIT)

Power Play

Rangers - 1 on 4 Attempt(s) - 25.00%
Penguins - 3 on 6 Attempt(s) - 50.00%

Penalty Kill

Rangers - 3 on 6 Attempt(s) - 50.00% - Score 0 goal in Penalty Kill
Penguins - 3 on 4 Attempt(s) - 75.00% - Score 0 goal in Penalty Kill

Game Notes

The goal is going for a video replay. After video review, Goal.
Andrew Raycroft enters game at 16:57 of 1st period

Finance

Level 1 -- Attendance: 3820 (58.77%) -- Ticket Income $458,400.00
Level 2 -- Attendance: 3429 (68.58%) -- Ticket Income $222,885.00
Level 3 -- Attendance: 2288 (65.37%) -- Ticket Income $102,960.00
Level 4 -- Attendance: 1768 (84.71%) -- Ticket Income $44,200.00
Luxury Box -- Attendance: 579 (57.90%) -- Ticket Income $144,750.00
Game was played at the Consol Energy Center
Total Attendance: 11884 (65.70%)
Total Ticket Income: $1,036,096.00
Other Income: $214,775.40
Total Income: $1,250,871.00


Play by Play

Period #1

0:01 of 1st period - Henrik Sedin wins face-off versus Brad Richards in neutral zone.
0:52 of 1st period - Icing by Mike Cammalleri.
0:53 of 1st period - Joe Pavelski wins face-off versus Henrik Sedin in Rangers zone.
0:54 of 1st period - Shot by Martin St. Louis.
0:54 of 1st period - Shot Misses the Net.
1:02 of 1st period - Icing by Martin St. Louis.
1:03 of 1st period - Joe Pavelski wins face-off versus Mikko Koivu in Penguins zone.
1:09 of 1st period - Martin St. Louis is hit by Mike Weaver and loses puck.
1:16 of 1st period - Mike Weaver is hit by Drew Stafford and loses puck.
1:31 of 1st period - Shot by Dan Cleary.
1:31 of 1st period - Shot Misses the Net.
1:33 of 1st period - Shot by Mikko Koivu.
1:33 of 1st period - Stopped by Tim Thomas with a rebound.
1:35 of 1st period - Shot by Mike Weaver.
1:35 of 1st period - Shot Blocked by Kris Letang.
1:45 of 1st period - Icing by Drew Stafford.
1:46 of 1st period - Guillaume Latendresse wins face-off versus Joe Pavelski in Penguins zone.
1:55 of 1st period - Shot by Mark Recchi.
1:55 of 1st period - Shot Misses the Net.
1:57 of 1st period - Shot by Francis Bouillon.
1:57 of 1st period - Shot Misses the Net.
4:48 of 1st period - Minor Penalty to Jay Bouwmeester for Holding Stick.
4:49 of 1st period - Blair Betts wins face-off versus Henrik Sedin in Rangers zone.
5:08 of 1st period - Shot by Blake Wheeler.
5:08 of 1st period - Deflect By Matt Moulson.
5:08 of 1st period - Shot Misses the Net.
5:58 of 1st period - Stephane Robidas is hit by Keith Ballard and loses puck.
6:17 of 1st period - Shot by Steve Montador.
6:17 of 1st period - Stopped by Niklas Backstrom without a rebound.
6:18 of 1st period - Henrik Sedin wins face-off versus Rob Niedermayer in Rangers zone.
6:37 of 1st period - Shot by Alexander Edler.
6:37 of 1st period - Stopped by Niklas Backstrom with a rebound.
6:39 of 1st period - Shot by Cam Fowler.
6:39 of 1st period - Shot Blocked by Lubomir Visnovsky.
6:41 of 1st period - Shot by Jason Pominville.
6:41 of 1st period - Deflect By Daniel Sedin.
6:41 of 1st period - Shot Misses the Net.
6:43 of 1st period - Shot by Cam Fowler.
6:43 of 1st period - Shot Misses the Net.
6:47 of 1st period - Shot by Alexander Edler.
6:47 of 1st period - Goal by Alexander Edler - Rangers : 0 - Penguins : 1.
6:48 of 1st period - Steve Montador wins face-off versus Tom Pyatt in neutral zone.
7:10 of 1st period - Shot by Matt Moulson.
7:10 of 1st period - Stopped by Niklas Backstrom without a rebound.
7:11 of 1st period - Joe Pavelski wins face-off versus Mikko Koivu in Rangers zone.
8:06 of 1st period - Shot by Mark Recchi.
8:06 of 1st period - Shot Blocked by Kris Letang.
8:11 of 1st period - Icing by Kris Letang.
8:12 of 1st period - Joe Pavelski wins face-off versus Tom Pyatt in Penguins zone.
8:39 of 1st period - Shot by Tom Pyatt.
8:39 of 1st period - Shot Blocked by Brad Richards.
8:43 of 1st period - Shot by Lubomir Visnovsky.
8:43 of 1st period - Shot Misses the Net.
8:45 of 1st period - Shot by Tom Pyatt.
8:45 of 1st period - Stopped by Tim Thomas without a rebound.
8:46 of 1st period - Mark Recchi wins face-off versus Blair Betts in Penguins zone.
8:57 of 1st period - Shot by Guillaume Latendresse.
8:57 of 1st period - Stopped by Tim Thomas with a rebound.
9:01 of 1st period - Shot by Guillaume Latendresse.
9:01 of 1st period - Shot Misses the Net.
9:03 of 1st period - Shot by Mark Recchi.
9:03 of 1st period - Shot Blocked by Andrew Ference.
9:05 of 1st period - Shot by Scott Gomez.
9:05 of 1st period - Deflect By Guillaume Latendresse.
9:05 of 1st period - Shot Misses the Net.
9:09 of 1st period - Shot by Guillaume Latendresse.
9:09 of 1st period - Stopped by Tim Thomas with a rebound.
9:10 of 1st period - Minor Penalty to Cam Fowler for Tripping.
9:11 of 1st period - Daniel Sedin wins face-off versus Henrik Sedin in Penguins zone.
9:11 of 1st period - Daniel Sedin is hit by Henrik Sedin.
9:21 of 1st period - Shot by Jay Bouwmeester.
9:21 of 1st period - Stopped by Tim Thomas with a rebound.
9:25 of 1st period - Shot by Nikolai Kulemin.
9:25 of 1st period - Stopped by Tim Thomas without a rebound.
9:26 of 1st period - Mikko Koivu wins face-off versus Daniel Sedin in Penguins zone.
10:59 of 1st period - Shot by Lubomir Visnovsky.
10:59 of 1st period - Stopped by Tim Thomas without a rebound.
11:00 of 1st period - Mikko Koivu wins face-off versus Blair Betts in Penguins zone.
11:34 of 1st period - Scott Gomez is hit by Blair Betts and loses puck.
11:44 of 1st period - Keith Ballard is hit by Blair Betts and loses puck.
12:44 of 1st period - Shot by Dan Cleary.
12:44 of 1st period - Shot Blocked by Dan Girardi.
12:59 of 1st period - Shot by Alexander Edler.
12:59 of 1st period - Stopped by Niklas Backstrom without a rebound.
13:00 of 1st period - Jason Pominville wins face-off versus Henrik Sedin in Rangers zone.
13:05 of 1st period - Shot by Brad Richards.
13:05 of 1st period - Goal by Brad Richards - Rangers : 0 - Penguins : 2.
13:06 of 1st period - Brad Richards wins face-off versus Scott Gomez in neutral zone.
13:10 of 1st period - Daniel Sedin is hit by Keith Ballard and loses puck.
14:09 of 1st period - Shot by Mikko Koivu.
14:09 of 1st period - Shot Misses the Net.
14:11 of 1st period - Shot by Mike Weaver.
14:11 of 1st period - Stopped by Tim Thomas without a rebound.
14:12 of 1st period - Henrik Sedin wins face-off versus Rob Niedermayer in Penguins zone.
14:15 of 1st period - Shot by Nikolai Kulemin.
14:15 of 1st period - Shot Misses the Net.
14:29 of 1st period - Shot by Matt DAgostini.
14:29 of 1st period - Shot Misses the Net.
14:33 of 1st period - Shot by Rob Niedermayer.
14:33 of 1st period - The goal is going for a video replay.
14:33 of 1st period - The goal is good.
14:33 of 1st period - Goal by Rob Niedermayer - Rangers : 0 - Penguins : 3.
14:34 of 1st period - Martin St. Louis wins face-off versus Mikko Koivu in neutral zone.
14:46 of 1st period - Icing by Stephane Robidas.
14:47 of 1st period - Martin St. Louis wins face-off versus Tom Pyatt in Penguins zone.
15:08 of 1st period - Shot by Jason Pominville.
15:08 of 1st period - Shot Blocked by Lubomir Visnovsky.
15:10 of 1st period - Shot by Daniel Sedin.
15:10 of 1st period - Stopped by Niklas Backstrom without a rebound.
15:11 of 1st period - Mikko Koivu wins face-off versus Steve Montador in Rangers zone.
15:24 of 1st period - Shot by Joe Pavelski.
15:24 of 1st period - Shot Misses the Net.
15:34 of 1st period - Shot by Matt Moulson.
15:34 of 1st period - Shot Misses the Net.
15:44 of 1st period - Shot by Mikko Koivu.
15:44 of 1st period - Deflect By Dan Cleary.
15:44 of 1st period - Shot Blocked by Cam Fowler.
15:48 of 1st period - Shot by Dan Cleary.
15:48 of 1st period - Shot Misses the Net.
15:50 of 1st period - Shot by Dan Cleary.
15:50 of 1st period - Shot Misses the Net.
16:05 of 1st period - Cam Fowler is hit by Francis Bouillon and loses puck.
16:15 of 1st period - Francis Bouillon is hit by Dan Girardi and loses puck.
16:28 of 1st period - Minor Penalty to Francis Bouillon for High sticking.
16:29 of 1st period - Henrik Sedin wins face-off versus Daniel Sedin in Rangers zone.
16:40 of 1st period - Scott Gomez is hit by Blake Wheeler and loses puck.
16:51 of 1st period - Shot by Martin St. Louis.
16:51 of 1st period - Shot Misses the Net.
16:55 of 1st period - Shot by Blake Wheeler.
16:55 of 1st period - Stopped by Niklas Backstrom with a rebound.
16:57 of 1st period - Shot by Martin St. Louis.
16:57 of 1st period - Goal by Martin St. Louis - Rangers : 0 - Penguins : 4.
16:57 of 1st period - Andrew Raycroft enters game.
16:58 of 1st period - Rob Niedermayer wins face-off versus Henrik Sedin in neutral zone.
17:03 of 1st period - Icing by Jay Bouwmeester.
17:04 of 1st period - Rob Niedermayer wins face-off versus Nikolai Kulemin in Rangers zone.
17:07 of 1st period - Shot by Matt DAgostini.
17:07 of 1st period - Deflect By Rob Niedermayer.
17:07 of 1st period - Stopped by Andrew Raycroft with a rebound.
17:11 of 1st period - Shot by Rob Niedermayer.
17:11 of 1st period - Shot Hit the Post.
17:15 of 1st period - Shot by Matt DAgostini.
17:15 of 1st period - Stopped by Andrew Raycroft without a rebound.
17:16 of 1st period - Joe Pavelski wins face-off versus Mikko Koivu in Rangers zone.
17:25 of 1st period - Shot by Martin St. Louis.
17:25 of 1st period - Shot Blocked by Mike Weaver.
17:32 of 1st period - Off-side.
17:33 of 1st period - Blair Betts wins face-off versus Henrik Sedin in neutral zone.
18:07 of 1st period - Andrew Ference is hit by Nikolai Kulemin.
18:22 of 1st period - Off-side.
18:23 of 1st period - Mikko Koivu wins face-off versus Brad Richards in neutral zone.
18:23 of 1st period - Mikko Koivu is hit by Jason Pominville.
19:01 of 1st period - Shot by Daniel Sedin.
19:01 of 1st period - Stopped by Andrew Raycroft with a rebound.
19:03 of 1st period - Shot by Daniel Sedin.
19:03 of 1st period - Stopped by Andrew Raycroft without a rebound.
19:04 of 1st period - Scott Gomez wins face-off versus Joe Pavelski in Rangers zone.
19:04 of 1st period - Scott Gomez is hit by Drew Stafford.

Period #2

0:01 of 2nd period - Henrik Sedin wins face-off versus Brad Richards in neutral zone.
0:14 of 2nd period - Shot by Jason Pominville.
0:14 of 2nd period - Stopped by Andrew Raycroft without a rebound.
0:15 of 2nd period - Mikko Koivu wins face-off versus Joe Pavelski in Rangers zone.
0:15 of 2nd period - Mikko Koivu is hit by Drew Stafford.
0:18 of 2nd period - Icing by Ian White.
0:19 of 2nd period - Joe Pavelski wins face-off versus Mikko Koivu in Rangers zone.
0:25 of 2nd period - Icing by Ian White.
0:26 of 2nd period - Daniel Sedin wins face-off versus Mikko Koivu in Rangers zone.
0:53 of 2nd period - Shot by Dan Cleary.
0:53 of 2nd period - Deflect By Mikko Koivu.
0:53 of 2nd period - Stopped by Tim Thomas without a rebound.
0:54 of 2nd period - Martin St. Louis wins face-off versus Henrik Sedin in Penguins zone.
0:54 of 2nd period - Martin St. Louis is hit by Mike Cammalleri.
1:23 of 2nd period - Shot by Henrik Sedin.
1:23 of 2nd period - Shot Misses the Net.
1:25 of 2nd period - Shot by Jay Bouwmeester.
1:25 of 2nd period - Shot Misses the Net.
1:27 of 2nd period - Shot by Nikolai Kulemin.
1:27 of 2nd period - Deflect By Henrik Sedin.
1:27 of 2nd period - Shot Misses the Net.
1:29 of 2nd period - Shot by Nikolai Kulemin.
1:29 of 2nd period - Stopped by Tim Thomas without a rebound.
1:30 of 2nd period - Scott Gomez wins face-off versus Blair Betts in Penguins zone.
1:30 of 2nd period - Scott Gomez is hit by Cam Fowler.
1:32 of 2nd period - Shot by Guillaume Latendresse.
1:32 of 2nd period - Shot Blocked by Cam Fowler.
1:34 of 2nd period - Shot by Mark Recchi.
1:34 of 2nd period - Shot Hit the Post.
1:36 of 2nd period - Shot by Mark Recchi.
1:36 of 2nd period - Stopped by Tim Thomas without a rebound.
1:37 of 2nd period - Brad Richards wins face-off versus Mikko Koivu in Penguins zone.
1:45 of 2nd period - Icing by Nikolai Zherdev.
1:46 of 2nd period - Blair Betts wins face-off versus Mikko Koivu in Rangers zone.
1:50 of 2nd period - Minor Penalty to Matt Moulson for Boarding.
1:51 of 2nd period - Mikko Koivu wins face-off versus Daniel Sedin in Penguins zone.
2:02 of 2nd period - Shot by Lubomir Visnovsky.
2:02 of 2nd period - Stopped by Tim Thomas without a rebound.
2:03 of 2nd period - Joe Pavelski wins face-off versus Henrik Sedin in Penguins zone.
2:23 of 2nd period - Shot by Ian White.
2:23 of 2nd period - Stopped by Tim Thomas without a rebound.
2:24 of 2nd period - Mikko Koivu wins face-off versus Daniel Sedin in Penguins zone.
3:46 of 2nd period - Shot by Henrik Sedin.
3:46 of 2nd period - Shot Blocked by Kris Letang.
3:48 of 2nd period - Shot by Jay Bouwmeester.
3:48 of 2nd period - Goal by Jay Bouwmeester - Rangers : 1 - Penguins : 4.
3:49 of 2nd period - Scott Gomez wins face-off versus Blair Betts in neutral zone.
3:51 of 2nd period - Minor Penalty to Steve Montador for Hooking.
3:51 of 2nd period - Minor Penalty to Mark Recchi for High sticking.
3:52 of 2nd period - Daniel Sedin wins face-off versus Mikko Koivu in neutral zone.
4:44 of 2nd period - Shot by Brad Richards.
4:44 of 2nd period - Stopped by Andrew Raycroft without a rebound.
4:45 of 2nd period - Dan Cleary wins face-off versus Brad Richards in Rangers zone.
4:56 of 2nd period - Shot by Ian White.
4:56 of 2nd period - Stopped by Tim Thomas without a rebound.
4:57 of 2nd period - Dan Cleary wins face-off versus Brad Richards in Penguins zone.
5:14 of 2nd period - Shot by Mike Cammalleri.
5:14 of 2nd period - Shot Misses the Net.
5:31 of 2nd period - Shot by Mike Cammalleri.
5:31 of 2nd period - Shot Misses the Net.
5:33 of 2nd period - Shot by Mike Cammalleri.
5:33 of 2nd period - Stopped by Tim Thomas without a rebound.
5:34 of 2nd period - Daniel Sedin wins face-off versus Dan Cleary in Penguins zone.
5:49 of 2nd period - Shot by Daniel Sedin.
5:49 of 2nd period - Deflect By Martin St. Louis.
5:49 of 2nd period - Stopped by Andrew Raycroft with a rebound.
5:51 of 2nd period - Shot by Alexander Edler.
5:51 of 2nd period - Shot Misses the Net.
5:53 of 2nd period - Shot by Blair Betts.
5:53 of 2nd period - Deflect By Matt Moulson.
5:53 of 2nd period - Shot Misses the Net.
5:55 of 2nd period - Shot by Blair Betts.
5:55 of 2nd period - Stopped by Andrew Raycroft without a rebound.
5:56 of 2nd period - Scott Gomez wins face-off versus Steve Montador in Rangers zone.
6:37 of 2nd period - Icing by Andrew Ference.
6:38 of 2nd period - Blair Betts wins face-off versus Tom Pyatt in Penguins zone.
6:43 of 2nd period - Lubomir Visnovsky is hit by Steve Montador.
7:24 of 2nd period - Matt Moulson is hit by Mikko Koivu and loses puck.
7:51 of 2nd period - Shot by Mikko Koivu.
7:51 of 2nd period - Stopped by Tim Thomas without a rebound.
7:52 of 2nd period - Scott Gomez wins face-off versus Joe Pavelski in Penguins zone.
7:59 of 2nd period - Martin St. Louis is hit by Guillaume Latendresse and loses puck.
8:01 of 2nd period - Minor Penalty to Mark Recchi for Cross-checking.
8:02 of 2nd period - Joe Pavelski wins face-off versus Henrik Sedin in Rangers zone.
8:21 of 2nd period - Shot by Kris Letang.
8:21 of 2nd period - Stopped by Andrew Raycroft with a rebound.
8:31 of 2nd period - Shot by Kris Letang.
8:31 of 2nd period - Stopped by Andrew Raycroft without a rebound.
8:32 of 2nd period - Brad Richards wins face-off versus Scott Gomez in Rangers zone.
10:47 of 2nd period - Icing by Mike Weaver.
10:48 of 2nd period - Rob Niedermayer wins face-off versus Mikko Koivu in Rangers zone.
10:55 of 2nd period - Shot by Rob Niedermayer.
10:55 of 2nd period - Stopped by Andrew Raycroft with a rebound.
11:16 of 2nd period - Icing by Dan Girardi.
11:17 of 2nd period - Rob Niedermayer wins face-off versus Tom Pyatt in Penguins zone.
11:37 of 2nd period - Jay Bouwmeester is hit by Stephane Robidas and loses puck.
11:48 of 2nd period - Shot by Martin St. Louis.
11:48 of 2nd period - Stopped by Andrew Raycroft without a rebound.
11:49 of 2nd period - Scott Gomez wins face-off versus Martin St. Louis in Rangers zone.
12:05 of 2nd period - Shot by Martin St. Louis.
12:05 of 2nd period - Shot Misses the Net.
12:27 of 2nd period - Steve Montador is hit by Scott Gomez and loses puck.
12:44 of 2nd period - Shot by Matt Moulson.
12:44 of 2nd period - Stopped by Andrew Raycroft without a rebound.
12:45 of 2nd period - Mikko Koivu wins face-off versus Brad Richards in Rangers zone.
13:25 of 2nd period - Minor Penalty to Mike Weaver for Tripping.
13:26 of 2nd period - Henrik Sedin wins face-off versus Blake Wheeler in Rangers zone.
13:49 of 2nd period - Off-side.
13:50 of 2nd period - Henrik Sedin wins face-off versus Brad Richards in neutral zone.
14:01 of 2nd period - Alexander Edler is hit by Mark Recchi.
15:28 of 2nd period - Icing by Mike Weaver.
15:29 of 2nd period - Mikko Koivu wins face-off versus Blair Betts in Rangers zone.
15:42 of 2nd period - Shot by Andrew Ference.
15:42 of 2nd period - Goal by Andrew Ference - Rangers : 1 - Penguins : 5.
15:43 of 2nd period - Blair Betts wins face-off versus Cal Clutterbuck in neutral zone.
15:43 of 2nd period - Blair Betts is hit by Cal Clutterbuck.
16:00 of 2nd period - Matt Moulson is hit by Jay Bouwmeester and loses puck.
16:34 of 2nd period - Shot by Joe Pavelski.
16:34 of 2nd period - Shot Blocked by Jay Bouwmeester.
16:38 of 2nd period - Shot by Martin St. Louis.
16:38 of 2nd period - Stopped by Andrew Raycroft without a rebound.
16:39 of 2nd period - Mikko Koivu wins face-off versus Rob Niedermayer in Rangers zone.
17:17 of 2nd period - Dan Girardi is hit by Dan Cleary and loses puck.
17:30 of 2nd period - Mark Recchi is hit by Matt DAgostini and loses puck.
17:49 of 2nd period - Cam Fowler is hit by Keith Ballard and loses puck.
19:27 of 2nd period - Shot by Mike Cammalleri.
19:27 of 2nd period - Stopped by Tim Thomas with a rebound.
19:29 of 2nd period - Shot by Jay Bouwmeester.
19:29 of 2nd period - Shot Misses the Net.
19:41 of 2nd period - Shot by Henrik Sedin.
19:41 of 2nd period - Shot Misses the Net.
19:45 of 2nd period - Shot by Henrik Sedin.
19:45 of 2nd period - Shot Misses the Net.
19:49 of 2nd period - Shot by Henrik Sedin.
19:49 of 2nd period - Shot Blocked by Brad Richards.

Period #3

0:01 of 3rd period - Brad Richards wins face-off versus Henrik Sedin in neutral zone.
0:20 of 3rd period - Off-side.
0:21 of 3rd period - Mikko Koivu wins face-off versus Joe Pavelski in neutral zone.
0:24 of 3rd period - Shot by Mike Weaver.
0:24 of 3rd period - Shot Misses the Net.
0:31 of 3rd period - Joe Pavelski is hit by Mike Weaver and loses puck.
0:46 of 3rd period - Martin St. Louis is hit by Mike Weaver.
0:52 of 3rd period - Shot by Drew Stafford.
0:52 of 3rd period - Goal by Drew Stafford - Rangers : 1 - Penguins : 6.
0:53 of 3rd period - Brad Richards wins face-off versus Henrik Sedin in neutral zone.
1:18 of 3rd period - Shot by Henrik Sedin.
1:18 of 3rd period - Goal by Henrik Sedin - Rangers : 2 - Penguins : 6.
1:19 of 3rd period - Blair Betts wins face-off versus Scott Gomez in neutral zone.
2:49 of 3rd period - Nikolai Kulemin is hit by Dan Girardi and loses puck.
2:53 of 3rd period - Henrik Sedin is hit by Kris Letang and loses puck.
2:55 of 3rd period - Minor Penalty to Dan Girardi for Hooking.
2:56 of 3rd period - Henrik Sedin wins face-off versus Daniel Sedin in Penguins zone.
3:05 of 3rd period - Shot by Nikolai Kulemin.
3:05 of 3rd period - Shot Blocked by Stephane Robidas.
3:07 of 3rd period - Shot by Nikolai Kulemin.
3:07 of 3rd period - Stopped by Tim Thomas without a rebound.
3:08 of 3rd period - Joe Pavelski wins face-off versus Mikko Koivu in Penguins zone.
3:19 of 3rd period - Shot by Lubomir Visnovsky.
3:19 of 3rd period - Shot Misses the Net.
3:21 of 3rd period - Shot by Lubomir Visnovsky.
3:21 of 3rd period - Stopped by Tim Thomas without a rebound.
3:22 of 3rd period - Brad Richards wins face-off versus Henrik Sedin in Penguins zone.
4:11 of 3rd period - Icing by Mike Cammalleri.
4:12 of 3rd period - Mikko Koivu wins face-off versus Daniel Sedin in Rangers zone.
4:56 of 3rd period - Shot by Scott Gomez.
4:56 of 3rd period - Stopped by Tim Thomas without a rebound.
4:57 of 3rd period - Scott Gomez wins face-off versus Joe Pavelski in Penguins zone.
5:09 of 3rd period - Minor Penalty to Kris Letang for Holding.
5:10 of 3rd period - Henrik Sedin wins face-off versus Brad Richards in Penguins zone.
5:11 of 3rd period - Shot by Ian White.
5:11 of 3rd period - Stopped by Tim Thomas with a rebound.
5:36 of 3rd period - Shot by Nikolai Kulemin.
5:36 of 3rd period - Stopped by Tim Thomas with a rebound.
6:47 of 3rd period - Shot by Mike Weaver.
6:47 of 3rd period - Stopped by Tim Thomas with a rebound.
6:49 of 3rd period - Shot by Andrei Kostitsyn.
6:49 of 3rd period - Shot Misses the Net.
6:51 of 3rd period - Shot by Mike Weaver.
6:51 of 3rd period - Shot Misses the Net.
6:53 of 3rd period - Shot by Ian White.
6:53 of 3rd period - Stopped by Tim Thomas without a rebound.
6:54 of 3rd period - Mikko Koivu wins face-off versus Brad Richards in Penguins zone.
7:07 of 3rd period - Dan Girardi is hit by Dan Cleary and loses puck.
7:29 of 3rd period - Minor Penalty to Keith Ballard for Slashing.
7:30 of 3rd period - Joe Pavelski wins face-off versus Scott Gomez in Rangers zone.
7:31 of 3rd period - Shot by Martin St. Louis.
7:31 of 3rd period - Stopped by Andrew Raycroft without a rebound.
7:32 of 3rd period - Scott Gomez wins face-off versus Joe Pavelski in Rangers zone.
7:32 of 3rd period - Scott Gomez is hit by Blake Wheeler.
8:00 of 3rd period - Shot by Kris Letang.
8:00 of 3rd period - Shot Misses the Net.
8:02 of 3rd period - Shot by Martin St. Louis.
8:02 of 3rd period - Shot Misses the Net.
8:28 of 3rd period - Shot by Dan Girardi.
8:28 of 3rd period - Goal by Dan Girardi - Rangers : 2 - Penguins : 7.
8:29 of 3rd period - Mikko Koivu wins face-off versus Blair Betts in neutral zone.
9:37 of 3rd period - Icing by Mike Weaver.
9:38 of 3rd period - Mikko Koivu wins face-off versus Joe Pavelski in Rangers zone.
10:02 of 3rd period - Martin St. Louis is hit by Lubomir Visnovsky and loses puck.
11:49 of 3rd period - Nikolai Kulemin is hit by Daniel Sedin and loses puck.
13:09 of 3rd period - Shot by Matt Moulson.
13:09 of 3rd period - Stopped by Andrew Raycroft with a rebound.
13:30 of 3rd period - Off-side.
13:31 of 3rd period - Rob Niedermayer wins face-off versus Scott Gomez in neutral zone.
14:32 of 3rd period - Shot by Mike Cammalleri.
14:32 of 3rd period - Shot Misses the Net.
14:36 of 3rd period - Shot by Henrik Sedin.
14:36 of 3rd period - Deflect By Mike Cammalleri.
14:36 of 3rd period - Goal by Mike Cammalleri - Rangers : 3 - Penguins : 7.
14:37 of 3rd period - Joe Pavelski wins face-off versus Tom Pyatt in neutral zone.
15:01 of 3rd period - Minor Penalty to Lubomir Visnovsky for Slashing.
15:02 of 3rd period - Henrik Sedin wins face-off versus Brad Richards in Rangers zone.
15:13 of 3rd period - Shot by Kris Letang.
15:13 of 3rd period - Shot Blocked by Henrik Sedin.
16:32 of 3rd period - Shot by Joe Pavelski.
16:32 of 3rd period - Shot Misses the Net.
16:36 of 3rd period - Shot by Alexander Edler.
16:36 of 3rd period - Stopped by Andrew Raycroft without a rebound.
16:37 of 3rd period - Mikko Koivu wins face-off versus Joe Pavelski in Rangers zone.
17:04 of 3rd period - Shot by Steve Montador.
17:04 of 3rd period - Deflect By Matt Moulson.
17:04 of 3rd period - Shot Misses the Net.
17:47 of 3rd period - Off-side.
17:48 of 3rd period - Scott Gomez wins face-off versus Rob Niedermayer in neutral zone.
17:48 of 3rd period - Scott Gomez is hit by Rob Niedermayer.
17:53 of 3rd period - Mark Recchi is hit by Dan Girardi and loses puck.
18:16 of 3rd period - Off-side.
18:17 of 3rd period - Joe Pavelski wins face-off versus Mikko Koivu in neutral zone.
18:17 of 3rd period - Joe Pavelski is hit by Mikko Koivu.
18:27 of 3rd period - Shot by Dan Cleary.
18:27 of 3rd period - Shot Misses the Net.
18:29 of 3rd period - Shot by Mikko Koivu.
18:29 of 3rd period - Deflect By Dan Cleary.
18:29 of 3rd period - Shot Blocked by Kris Letang.
18:33 of 3rd period - Shot by Dan Cleary.
18:33 of 3rd period - Shot Misses the Net.
18:35 of 3rd period - Shot by Dan Cleary.
18:35 of 3rd period - Stopped by Tim Thomas without a rebound.
18:36 of 3rd period - Brad Richards wins face-off versus Henrik Sedin in Penguins zone.
18:51 of 3rd period - Brad Richards is hit by Nikolai Kulemin and loses puck.


Output by the SimonT Hockey Simulator (STHS) for Stephane Roy -- Original Page W3C XHTML 1.0 Valid